 Dungeon Crawl Stone Soup version bcrawl-1.26.1 (webtiles) character file.

Game seed: 5328943036734324186

117911 Goodini51 the Magician (level 5, -1/28 HPs)
             Began as an Avariel Wizard on July 12, 2020.
             Was a Follower of Vehumet.
             Slain by a slave (7 damage)
             ... led by Pikel
             ... on level 4 of the Dungeon on July 13, 2020.
             The game lasted 00:16:25 (3676 turns).

Goodini51 the Magician (Avariel Wizard)             Turns: 3676, Time: 00:16:26

Health: -1/28      AC:  3    Str:  5    XL:     5   Next: 68%
Magic:  0/15       EV: 12    Int: 30    God:    Vehumet [*.....]
Gold:   156        SH:  0    Dex: 11    Spells: 4/16 levels left

rFire    . . .     SeeInvis .   a - +0 staff
rCold    . . .     Gourm    .   (no shield)
rNeg     . . .     Faith    +   b - +0 robe
rPois    .         Spirit   .   c - +0 hat
rElec    .         Reflect  .   m - +0 cloak
rCorr    .         Harm     .   (no gloves)
MR       .....                  (no boots)
Stlth    ++........             s - amulet of faith
HPRegen  0.09/turn              o - +5 ring of intelligence
MPRegen  0.14/turn              (no ring)

@: no status effects
A: no striking features
a: Renounce Religion


You were on level 4 of the Dungeon.
You worshipped Vehumet.
Vehumet was aware of your devotion.
You were very hungry.

You visited 1 branch of the dungeon, and saw 4 of its levels.

You collected 156 gold pieces.

Inventory:

Hand Weapons
 a - a +0 staff (weapon)
Armour
 b - a +0 robe (worn)
 c - a +0 hat (worn)
 m - a +0 cloak (worn)
Jewellery
 o - a +5 ring of intelligence (left hand)
 s - an amulet of faith (around neck)
Wands
 q - a wand of enslavement (8)
Scrolls
 d - 4 scrolls of teleportation
 i - 2 scrolls of remove curse
 k - a scroll of amnesia
 l - a scroll of enchant weapon {unknown}
 n - a scroll of immolation {unknown}
Potions
 f - a potion of brilliance
 g - 2 potions of heal wounds {unknown}
 h - a potion of mutation {unknown}
 j - 2 potions of agility {unknown}
 p - 2 potions of ambrosia {unknown}
Comestibles
 e - 9 rations {!d}


   Skills:
 + Level 0.2 Fighting
 + Level 0.9 Staves
 + Level 2.5 Dodging
 + Level 2.5 Stealth
 * Level 6.1 Spellcasting
 * Level 3.6 Conjurations
 + Level 1.7 Summonings
 + Level 0.8 Translocations


You had 4 spell levels left.
You knew the following spells:

 Your Spells              Type           Power        Failure   Level  Hunger
a - Magic Dart            Conj           ####         1%          1    None
b - Call Imp              Summ           ###...       3%          2    None
c - Conjure Flame         Conj/Fire      ###.....     2%          3    None
d - Blink                 Tloc           N/A          5%          2    None
e - Mephitic Cloud        Conj/Pois/Air  ###.....     2%          3    None
f - Shock                 Conj/Air       ###..        1%          1    None

Your spell library contained the following spells:

 Spells                   Type           Power        Failure   Level  Hunger
 Spider Form              Tmut/Pois      #..          16%         3    None


Dungeon Overview and Level Annotations

Branches:
Dungeon (4/12)
 Temple: D:4-7

Altars:
Ashenzari
Lugonu
Sif Muna
Vehumet
The Shining One

Annotations:
D:4 Pikel


Message History

Aim: Pikel, wielding a +1 whip of flaming and wearing a +0 robe (almost dead)
The magic dart hits Pikel but does no damage.
Pikel is almost dead.
Pikel hits you with a +1 whip of flaming.
* * * LOW HITPOINT WARNING * * *
Pikel burns you.
* * * LOW HITPOINT WARNING * * *
Your crimson imp barely misses Pikel.
Casting: Magic Dart (safe; 1% risk of failure)
Confirm with . or Enter, or press ? or * to list all spells.
Aiming: Magic Dart (safe; 1% risk of failure)
Press: ? - help, Shift-Dir - straight line, f/p - Pikel
Aim: Pikel, wielding a +1 whip of flaming and wearing a +0 robe (almost dead)
The magic dart hits Pikel.
Pikel is almost dead.
Pikel closely misses you.
Your crimson imp hits Pikel.
You hit Pikel but do no damage.
Pikel is almost dead.
Pikel misses you. The slave hits you!
You die...

...........#.
...........#.
^.####...## .. .....
####### ....... ..#+
###.....
.....+#######+###.'.....
.......@..........#.....
......5Kp..............K
#..?................##..
#.............##....#...
#.#+#+#...........#.#<#+
# +...........#รท###.
#...........#.....
##..........#p....
#..........#.....


You could see Pikel, a slave and a friendly crimson imp.

Vanquished Creatures
  A slave (D:3)
  A bullfrog (D:4)
  A worker ant (D:2)
  2 adders (D:3)
  A worm (D:4)
  A dart slug (D:4)
  2 leopard geckos
  An orc (D:2)
  3 ball pythons
  3 giant cockroaches
  5 goblins
  5 hobgoblins
  2 jackals (D:1)
  7 kobolds
  3 quokkas
  3 bats
  5 frilled lizards
  24 rats
70 creatures vanquished.

Vanquished Creatures (collateral kills)
  A worm (D:3)
  A jackal (D:1)
  2 rats (D:2)
4 creatures vanquished.

Grand Total: 74 creatures vanquished

Notes
Turn   | Place    | Note
-------+----------+-------------------------------------------
     0 | D:1      | Goodini51 the Avariel Wizard began the quest for the Orb.
     0 | D:1      | Reached XP level 1. HP: 10/10 MP: 7/7
   192 | D:1      | Reached XP level 2. HP: 15/15 MP: 5/9
   217 | D:1      | Learned a level 2 spell: Call Imp
  1021 | D:2      | Reached skill level 5 in Spellcasting
  1051 | D:2      | Reached XP level 3. HP: 3/19 MP: 2/11
  1251 | D:2      | Found a radiant altar of Vehumet.
  1254 | D:2      | Became a worshipper of Vehumet
  1416 | D:2      | Learned a level 3 spell: Conjure Flame
  1419 | D:2      | Learned a level 2 spell: Blink
  1423 | D:2      | Learned a level 3 spell: Mephitic Cloud
  1478 | D:2      | Reached XP level 4. HP: 23/24 MP: 0/13
  1518 | D:2      | Reached * piety under Vehumet
  1518 | D:2      | Offered knowledge of Shock by Vehumet.
  1523 | D:2      | Learned a level 1 spell: Shock
  2214 | D:2      | Found a shimmering blue altar of Sif Muna.
  2393 | D:3      | Found a corrupted altar of Lugonu.
  2920 | D:3      | Found a glowing golden altar of the Shining One.
  2921 | D:3      | Found a shattered altar of Ashenzari.
  2981 | D:4      | Noticed a bullfrog
  2990 | D:4      | Killed a bullfrog
  2990 | D:4      | Reached skill level 6 in Spellcasting
  2990 | D:4      | Reached XP level 5. HP: 15/28 MP: 10/15
  3143 | D:4      | Noticed Pikel
  3143 | D:4      | Noticed a slave
  3143 | D:4      | Noticed a slave
  3143 | D:4      | Noticed a slave
  3144 | D:4      | Noticed a slave
  3357 | D:3      | Killed a slave
  3676 | D:4      | Slain by a slave

Skill      XL: |  1  2  3  4 |
---------------+-------------+-----
Spellcasting   | 5 6 |  6.1
Conjurations   | 2 3 |  3.6
Fighting       | |  0.2
Staves         | |  0.9
Dodging        | |  2.5
Stealth        | |  2.5
Summonings     | |  1.7
Translocations | |  0.8

Action                   |  1- 3 |  4- 6 || total
-------------------------+-------+-------++-------
Melee: Staff             |    15 |    25 ||    40
 Cast: Magic Dart        |    75 |    84 ||   159
       Call Imp          |     5 |    14 ||    19
       Conjure Flame     |     1 |     2 ||     3
       Shock             |       |     7 ||     7
       Blink             |       |     4 ||     4
  Use: Scroll            |     2 |     1 ||     3
 Stab: Sleeping          |       |     1 ||     1
  Eat: Chunk             |     1 |     6 ||     7
Armor: Robe              |     7 |     8 ||    15
Dodge: Dodged            |    27 |    33 ||    60
